 Dungeon Crawl Stone Soup version 0.26-a0-547-g695e311587 (webtiles) character file.

Game seed: 6407241726847459386

483 Aksej the Chopper (level 6, 0/42 HPs)
             Began as a Demonspawn Gladiator on Aug 20, 2020.
             Killed from afar by an electric eel (10 damage)
             ... with a bolt of electricity
             ... on level 4 of the Dungeon.
             The game lasted 00:08:41 (3976 turns).

Aksej the Chopper (Demonspawn Gladiator)            Turns: 3976, Time: 00:08:41

Health: 0/42       AC: 13    Str: 14    XL:     6   Next: 88%
Magic:  0/9        EV: 12    Int:  9    God:
Gold:   257        SH:  0    Dex: 17    Spells: 9/9 levels left

rFire    . . .     SeeInvis .   m - -1 hand axe (curse)
rCold    . . .     Faith    .   (no shield)
rNeg     . . .     Spirit   +   f - +0 ring mail
rPois    .         Reflect  .   c - +0 helmet
rElec    .         Harm     .   (no cloak)
rCorr    .                      (no gloves)
MR       .....                  b - +0 pair of boots
Stlth    +.........             (no amulet)
HPRegen  0.14/turn              k - +4 ring of protection
MPRegen  0.11/turn              (no ring)

@: no status effects
A: molten scales 1, frail 1, screaming 1, spiny 1, wild magic 1, magic shield
a: no special abilities


You were on level 4 of the Dungeon.
You visited 1 branch of the dungeon, and saw 4 of its levels.

You collected 257 gold pieces.

Inventory:

Hand Weapons
 a - a +1 war axe
 m - a cursed -1 hand axe (weapon)
Missiles
 e - 2 silver boomerangs (quivered)
Armour
 b - a +0 pair of boots (worn)
 c - a +0 helmet (worn)
 f - a +0 ring mail (worn)
Jewellery
 h - an uncursed amulet of the acrobat
 k - a +4 ring of protection (left hand)
Wands
 d - a wand of random effects (8)
 o - a wand of flame (13)
Scrolls
 i - 2 scrolls of teleportation
 j - a scroll of enchant weapon
 l - a scroll of fear {unknown}
Potions
 g - a potion of brilliance
 n - a potion of lignification {unknown}


   Skills:
 * Level 3.5 Fighting
 * Level 5.4 Axes
 + Level 1.8 Throwing
 + Level 1.6 Armour
 + Level 3.2 Dodging
 * Level 2.1 Spellcasting


You had 9 spell levels left.
You didn't know any spells.
Your spell library was empty.

Dungeon Overview and Level Annotations

Branches:
Dungeon (4/15)
 Temple: D:4-7

Altars:
Hepliaklqana
Makhleb
Nemelex Xobeh
Sif Muna
Trog
Xom
Zin

Annotations:
D:4 1 transporter


Innate Abilities, Weirdness & Mutations

You are partially covered in molten scales. (AC +2)
You are partially covered in sharp spines.
When hurt, damage is shared between your health and your magic reserves.
You are frail. (-10% HP)
You occasionally shout uncontrollably at your foes.
Your spells are a little harder to cast, but a little more powerful.


Message History

There is an open door here.
The electric eel shoots out a bolt of lightning at you!
The bolt of electricity hits you!
The electric eel shoots out a bolt of lightning at you!
The bolt of electricity misses you. The bolt of electricity hits you.
The bolt of electricity hits the plant!
The electric eel shoots out a bolt of lightning at you!
The bolt of electricity misses you.
You hit the electric eel.
The electric eel is moderately wounded.
You closely miss the electric eel.
The electric eel shoots out a bolt of lightning at you!
The bolt of electricity hits you.
The electric eel shoots out a bolt of lightning at you!
The bolt of electricity hits you.
* * * LOW HITPOINT WARNING * * *
The bolt of electricity misses you.
The electric eel shoots out a bolt of lightning at you!
The bolt of electricity hits you!
You die...

...>..#.###..........###..####...
.....##.........#......#...##....
....##....<.####....#..##........
#....#..............##...........
........>.......©....#...........
##.##.#......#######............#
.#.##.###.##.#8.©.8#..<.........#
......###....#P...P#............#
...........#.###@###............#
..........##.#≈...;#........#....
##...........#≈...;#........####.
##...........#≈≈≈P≈#..##.....# ##
.........###.#≈≈♣≈≈#.###....#####
.........###.#≈≈P≈≈#.#.........#
...>.........#≈≈≈≈≈#.......##..##
.............#≈≈≈≈≈#...##.......#
..........##.###+###..##⌠.⌠.....#


You could see 2 electric eels.

Vanquished Creatures
  Grinder (D:3)
  2 orc priests (D:4)
  2 orc wizards (D:3)
  2 worker ants (D:4)
  3 adders
  A worm (D:3)
  2 leopard geckos
  19 orcs
  A ball python (D:3)
  3 giant cockroaches
  13 goblins
  5 hobgoblins
  7 kobolds
  A ball python skeleton (D:4)
  6 bats
  6 frilled lizards
  A quokka skeleton (D:4)
  4 rats
  A bush (D:3)
  A plant (D:3)
81 creatures vanquished.

Notes
Turn   | Place    | Note
-------+----------+-------------------------------------------
     0 | D:1      | Aksej the Demonspawn Gladiator began the quest for the Orb.
     0 | D:1      | Reached XP level 1. HP: 16/16 MP: 1/1
   166 | D:1      | Reached skill level 3 in Axes
   202 | D:1      | Gained mutation: When hurt, damage is shared between your
                  | health and your magic reserves. [demonic ancestry]
   202 | D:1      | Reached XP level 2. HP: 22/22 MP: 2/2
   880 | D:1      | Gained mutation: You are resistant to hostile enchantments.
                  | (MR+) [potion of mutation]
   880 | D:1      | Gained mutation: You have large cloven feet. [potion of
                  | mutation]
  1276 | D:2      | Reached XP level 3. HP: 24/27 MP: 3/3
  2031 | D:3      | Reached XP level 4. HP: 33/33 MP: 4/4
  2038 | D:3      | Reached skill level 4 in Axes
  2038 | D:3      | Reached skill level 1 in Armour
  2342 | D:3      | Noticed Grinder
  2362 | D:3      | Killed Grinder
  2362 | D:3      | Reached skill level 5 in Axes
  2362 | D:3      | Reached skill level 1 in Spellcasting
  2362 | D:3      | Gained mutation: You are partially covered in molten
                  | scales. (AC +2) [demonic ancestry]
  2362 | D:3      | Reached XP level 5. HP: 21/40 MP: 2/7
  2362 | D:3      | Gained mutation: You are partially covered in sharp spines.
                  | [demonic ancestry]
  2362 | D:3      | Reached XP level 6. HP: 24/46 MP: 2/8
  2738 | D:3      | Lost mutation: You are resistant to hostile enchantments.
                  | (MR+) [potion of mutation]
  2738 | D:3      | Lost mutation: You have large cloven feet. [potion of
                  | mutation]
  2738 | D:3      | Gained mutation: You are frail. (-10% HP) [potion of
                  | mutation]
  2738 | D:3      | Gained mutation: You occasionally shout uncontrollably at
                  | your foes. [potion of mutation]
  2738 | D:3      | Gained mutation: Your spells are a little harder to cast,
                  | but a little more powerful. [potion of mutation]
  2965 | D:3      | Found a faded altar of an unknown god.
  3152 | D:4      | Found a transporter.
  3488 | D:4      | Found a glowing silver altar of Zin.
  3560 | D:4      | Found a transporter.
  3576 | D:4      | Found a sparkling altar of Nemelex Xobeh.
  3763 | D:4      | Found a burning altar of Makhleb.
  3763 | D:4      | Found a hazy altar of Hepliaklqana.
  3768 | D:4      | Found a shimmering altar of Xom.
  3770 | D:4      | Found a bloodstained altar of Trog.
  3772 | D:4      | Found a shimmering blue altar of Sif Muna.
  3976 | D:4      | Killed from afar by an electric eel

Illustrated notes

Levels and vault maps discovered:
D:1:      dpeg_arrival_tiny_a, layout_loops_cross, corner_web_ring
D:2:      layout_loops_ring
D:3:      minmay_diamond_boxcup, layout_loops_cross, serial_forest,
          infiniplex_forest_lined_2, infiniplex_forest_pool,
          infiniplex_forest_clump_small, infiniplex_forest_lined_room_2,
          infiniplex_forest_lined_2, infiniplex_forest_clump_curved,
          infiniplex_forest_clump_diagonal, infiniplex_forest_join,
          infiniplex_forest_lined_2, chequers_ecumenical_altar_grove,
          chequers_arboretum, uniq_grinder
D:4:      gammafunk_steamed_eel, layout_cave_pools,
          nemelex_xobeh_ov_fountains_minmay,
          chequers_temple_overflow_minitemple, zin_statuary

Skill      XL: |  1  2  3  4  5  6 |
---------------+-------------------+-----
Axes           | 3 5 |  5.4
Dodging        | 3 |  3.2
Armour         | 1 |  1.6
Spellcasting   | 1 2 |  2.1
Fighting       | 3 |  3.5
Throwing       | |  1.8

Action                   |  1- 3 |  4- 6 || total
-------------------------+-------+-------++-------
Melee: War axe           |    91 |   103 ||   194
       Hand axe          |       |    60 ||    60
Throw: Throwing net      |     3 |     1 ||     4
  Use: Scroll            |     8 |     3 ||    11
       Potion            |     1 |     2 ||     3
Armor: Ring mail         |    36 |    49 ||    85
       Leather armour    |     2 |       ||     2
Dodge: Dodged            |    59 |    67 ||   126

Table legend: (Time is in decaauts)
 A = Elapsed time spent in this place.
 B = Non-inter-level travel time spent in this place.
 C = Inter-level travel time spent in this place.
 D = Time resting spent in this place.
 E = Time spent auto-exploring this place.
 F = Levels seen in this place.
 G = Mean time per level.
                   A        B        C        D        E       F      G
               +--------+--------+--------+--------+--------+-----+--------+
         Total |   4034 |   3966 |     68 |     67 |   3277 |   4 | 1008.5 |
       Dungeon |   4034 |   3966 |     68 |     67 |   3277 |   4 | 1008.5 |
               +--------+--------+--------+--------+--------+-----+--------+

Top non-repeatable levels by time:
     D:3: 1570 daAuts
     D:1: 891 daAuts
     D:4: 825 daAuts
     D:2: 747 daAuts
